 Dungeon Crawl Stone Soup version 0.28.0 (webtiles) character file.

Game seed: 2391800533044675563

10 lawman0 the Caller (level 2, -1/13 HPs)
             Began as a Spriggan Summoner on Feb 12, 2022.
             Slain by a frilled lizard (2 damage)
             ... on level 1 of the Dungeon on Feb 18, 2022.
             The game lasted 00:01:28 (693 turns).

lawman0 the Caller (Spriggan Summoner)               Turns: 693, Time: 00:01:29

Health: -1/13      AC:  2    Str:  4    XL:     2   Next: 10%
Magic:  2/6        EV: 17    Int: 16    God:
Gold:   42         SH:  0    Dex: 15    Spells: 5/6 levels left

rFire   . . .      SeeInvis +   e - +0 dagger
rCold   . . .      Faith    .   (no shield)
rNeg    . . .      Spirit   .   a - +0 robe
rPois   .          Reflect  .   (helmet restricted)
rElec   .          Harm     .   (no cloak)
rCorr   .          Rampage  .   (gloves unavailable)
Will    .....                   (boots unavailable)
Stlth   ++........              (no amulet)
HPRegen 0.04/turn               (no ring)
MPRegen 0.10/turn               (no ring)

@: very quick
A: very small, no large weapons, unfitting armour, see invisible, speed 3
a: no special abilities


You were on level 1 of the Dungeon.
You visited 1 branch of the dungeon, and saw 1 of its levels.

You collected 42 gold pieces.

Inventory:

Hand Weapons
 e - a +0 dagger (weapon)
Armour
 a - a +0 robe (worn)
Scrolls
 b - a scroll of amnesia {unknown}
 d - a scroll of identify {unknown}
Potions
 c - a potion of curing {unknown}


   Skills:
 * Level 0.1 Fighting
 + Level 2.7 Dodging
 + Level 3.2 Stealth
 + Level 2.7 Spellcasting
 * Level 3.6 Summonings


You had 5 spell levels left.
You knew the following spells:

 Your Spells              Type           Power      Damage    Failure   Level
a - Summon Small Mammal   Summ           52%        N/A       4%          1

Your spell library contained the following spells:

 Spells                   Type           Power      Damage    Failure   Level
 Call Imp                 Summ           13%        N/A       7%          2
 Call Canine Familiar     Summ           13%        N/A       13%         3
 Summon Guardian Golem    Hex/Summ       7%         N/A       28%         3
 Summon Lightning Spire   Summ/Air       7%         N/A       67%         4


Dungeon Overview and Level Annotations

Branches:
Dungeon (1/15)

Altars:


Innate Abilities, Weirdness & Mutations

You are very small and have problems with some larger weapons.
You are too small for most types of armour.
You have supernaturally acute eyesight. (SInv)
You cover ground extremely quickly. (Speed+++)


Message History

An endoplasm comes into view.
The endoplasm quivers.
Your bat hits the kobold but does no damage.
The hobgoblin barely misses your quokka.
The frilled lizard misses you.
You are too injured to fight recklessly!
Unknown command.
You swap places.
Your bat closely misses the kobold.
Your bat closely misses the frilled lizard.
The kobold completely misses you. The kobold closely misses your bat.
Your quokka barely misses the kobold.
You are too injured to fight recklessly!
You hit the hobgoblin but do no damage. Your bat hits the kobold.
The hobgoblin closely misses you. The frilled lizard closely misses you.
The kobold hits you with a +0 short sword.
* * * LOW HITPOINT WARNING * * *
Your quokka bites the kobold but does no damage.
Unknown command.
You miss the kobold.
The kobold is moderately wounded.
Your bat closely misses the kobold.
The hobgoblin closely misses you. The frilled lizard bites you.
* * * LOW HITPOINT WARNING * * *
Your quokka bites the kobold.
Your bat hits the endoplasm but does no damage.
The kobold misses you.
Unknown command.
You swap places.
Your bat hits the kobold but does no damage.
Your bat hits the endoplasm but does no damage.
The hobgoblin hits your quokka but does no damage.
The frilled lizard closely misses you.
Your quokka barely misses the kobold.
The kobold barely misses your quokka.
Casting: Summon Small Mammal (safe; 4% risk of failure)
Confirm with . or Enter, or press ? or * to list all spells.
Your bat disappears in a puff of smoke!
Your quokka bites the kobold but does no damage.
The hobgoblin barely misses your quokka.
The frilled lizard bites you.
You die...

######.###.###...#..######
...........# ###...##
####..#.#### ###....#
####..#.# ##...#...#
#.......# #..###.#.#
..####..# #..# .#... ###
...# ##.# # #..
#.#..#####.### ..
####..##......gr@# ......
.#######Klr...).. ###.##
.JK#....... ....ยง#...####
........#### ### ##......
..# #.....## #...# #.....#
###


You could see an endoplasm, a hobgoblin, 2 kobolds, a frilled lizard (ally
target), a friendly quokka (summoned) and a friendly rat (summoned).

Vanquished Creatures
  A bat (D:1)
1 creature vanquished.

Vanquished Creatures (collateral kills)
  A dart slug (D:1)
  An endoplasm (D:1)
  A kobold (D:1)
  2 quokkas (D:1)
  A rat (D:1)
6 creatures vanquished.

Grand Total: 7 creatures vanquished

Notes
Turn   | Place    | Note
-------+----------+-------------------------------------------
     0 | D:1      | lawman0 the Spriggan Summoner began the quest for the Orb.
     0 | D:1      | Reached XP level 1. HP: 9/9 MP: 5/5
   433 | D:1      | Reached XP level 2. HP: 12/13 MP: 3/6
   693 | D:1      | Slain by a frilled lizard

Illustrated notes

Levels and vault maps discovered:
D:1:      dpeg_arrival_boxes_within_box, layout_rooms, minmay_misc_feat_columns,
          grunt_decor_mini_mirrors, serial_bayou_pond_d

Action                   || total
-------------------------++-------
Melee: Dagger            ||     5
       Unarmed           ||     1
 Cast: Summon Small Mamm ||    25
Armor: Robe              ||     1
Dodge: Dodged            ||    18
